 Dungeon Crawl Stone Soup version 0.31-a0-965-g8a8ce12e04 (webtiles) character file.

Game seed: 7650777457249605806

35 p00ps00p the Trooper (level 3, 0/33 HPs)
             Began as a Hill Orc Fighter on Oct 26, 2023.
             Slain by Sigmund
             ... wielding a +0 scythe
              (4 damage)
             ... on level 2 of the Dungeon.
             The game lasted 00:00:52 (478 turns).

p00ps00p the Trooper (Hill Orc Fighter)              Turns: 478, Time: 00:00:53

Health: 0/33       AC:  6    Str: 20    XL:     3   Next: 33%
Magic:  3/3        EV:  9    Int:  8    God:
Gold:   58         SH:  4    Dex: 10    Spells: 2/2 levels left

rFire   . . .        a - +0 war axe
rCold   . . .        c - +0 buckler
rNeg    . . .        b - +0 scale mail
rPois   .            (no helmet)
rElec   .            (no cloak)
rCorr   .            (no gloves)
SInv    .            (no boots)
Will    .....        (no amulet) Stlth
                     (no ring)
HPRegen 0.25/turn    (no ring)
MPRegen 0.08/turn

%: no passive effects
@: mighty
A: no striking features
a: no special abilities


You were on level 2 of the Dungeon.
You visited 1 branch of the dungeon, and saw 2 of its levels.

You collected 58 gold pieces.

Inventory:

Hand Weapons
 a - a +0 war axe (weapon)
Armour
 b - a +0 scale mail (worn)
 c - a +0 buckler (worn)
Jewellery
 i - a ring of protection from cold
Scrolls
 f - 2 scrolls of identify {unknown}
 g - a scroll of butterflies {unknown}
Potions
 e - a potion of heal wounds {unknown}
 h - a potion of lignification {unknown}


   Skills:
 + Level 4.1 Fighting
 + Level 3.3 Axes
 + Level 3.6 Armour
 + Level 3.7 Shields


You had 2 spell levels left.
You didn't know any spells.
Your spell library contained the following spells:

 Spells                   Type           Power      Damage    Failure   Level
 Manifold Assault         Tloc           0%         N/A       100%        4
 Dispersal                Tloc           0%         N/A       100%        6
 Disjunction              Tloc           0%         N/A       100%        8


Dungeon Overview and Level Annotations

Branches:
Dungeon (2/15)

Altars:

Annotations:
D:2 1 runed translucent door, Crazy Yiuf, Sigmund


Message History

Sigmund is nearby!
You feel very mighty all of a sudden.
Sigmund whispers, "You'll know eternity soon."
Sigmund hits you from afar with a +0 scythe.
A worm and a kobold come into view.
Found a stone staircase leading up and a stone staircase leading down.
The kobold shouts!
Sigmund hits you but does no damage.
You closely miss Sigmund.
Sigmund points at you and mumbles some strange words.
The magic dart hits you.
Unknown command.
You closely miss Sigmund. You slash the kobold!
You kill the kobold!
Sigmund hits you with a +0 scythe.
Unknown command.
You closely miss Sigmund. Sigmund barely misses you.
Unknown command.
You hit Sigmund.
Sigmund is lightly wounded.
Sigmund hits you with a +0 scythe.
Unknown command.
You slash Sigmund!
Sigmund is heavily wounded.
Sigmund casts a spell.
Sigmund flickers and vanishes!
Deactivating autopickup; reactivate with Ctrl-A.
Unknown command.
You barely miss something. Something hits you.
Unknown command.
You closely miss something. Something hits you.
Unknown command.
You completely miss something. You barely miss the worm.
You hear some strange, mumbled words.
A magic dart appears from out of thin air!
The magic dart hits you. The worm bites you!
* * * LOW HITPOINT WARNING * * *
Unknown command.
You miss something. You slash the worm! Something hits you.
You die...

.... ...> ..... <....
...... ......#
################
......{##..............[
......w@...........#####
......###...........####
..... ##..#####.......
.... ...... #≈~~.... ...
.....~~≈≈≈≈###### ..
....~~≈~..~...#### #
...≈≈≈.#####......
...≈... ........ ......
####......


You could see a worm.

Vanquished Creatures
  An adder (D:2)
  3 endoplasms
  3 goblins
  3 hobgoblins (D:1)
  4 jackals (D:1)
  2 kobolds
  A quokka (D:1)
  3 bats
  2 rats
22 creatures vanquished.

Notes
Turn   | Place    | Note
-------+----------+-------------------------------------------
     0 | D:1      | p00ps00p the Hill Orc Fighter began the quest for the Orb.
     0 | D:1      | Reached XP level 1. HP: 19/19 MP: 1/1
   200 | D:1      | Reached XP level 2. HP: 27/27 MP: 2/2
   256 | D:1      | You fall into a shaft and drop 1 floor!
   276 | D:2      | Reached skill level 4 in Fighting
   336 | D:2      | Found a runed translucent door.
   337 | D:2      | Noticed Crazy Yiuf
   378 | D:2      | Reached XP level 3. HP: 33/33 MP: 3/3
   465 | D:2      | Noticed Sigmund
   478 | D:2      | Slain by Sigmund

Illustrated notes

Levels and vault maps discovered:
D:1:      dpeg_arrival_tiny_e, layout_rooms, bh_walls_and_bars
D:2:      layout_rooms, chequers_serial_rivers_small_a, minmay_hedge_maze,
          uniq_crazy_yiuf_cottage, uniq_sigmund

Skill      XL: |  1  2 |
---------------+-------+-----
Axes           | 3 |  3.3
Fighting       | 4 |  4.1
Armour         | |  3.6
Shields        | |  3.7

Action                     || total
---------------------------++-------
  Melee: War axe           ||    62
    Use: Potion            ||     1
 Armour: Scale mail        ||    49
  Dodge: Dodged            ||    24
  Block: Buckler           ||    12

Table legend: (Time is in decaauts)
 A = Elapsed time spent in this place.
 B = Non-inter-level travel time spent in this place.
 C = Inter-level travel time spent in this place.
 D = Time resting spent in this place.
 E = Time spent auto-exploring this place.
 F = Levels seen in this place.
 G = Mean time per level.
                   A        B        C        D        E       F      G
               +--------+--------+--------+--------+--------+-----+--------+
         Total |    502 |    502 |      0 |      0 |    354 |   2 |  251.0 |
       Dungeon |    502 |    502 |      0 |      0 |    354 |   2 |  251.0 |
               +--------+--------+--------+--------+--------+-----+--------+

Top non-repeatable levels by time:
     D:1: 271 daAuts
     D:2: 230 daAuts
